← All builds
Geo / Armada / Economy first / OBSERVED BUILD

Standard geo

Standard Geo economy-first play: geothermal by 3:26, T2 constructor by 4:55, advanced geothermal and vehicle plant around 7:07, transitioning into Starlight and T1 vehicles for front while supplying allies with cons and Lazarus.

Usually blows up the commander for T2 (66%)

#eco #t2 · 660 distinct matches · 107 players · 58% of Armada Geo games · team won 55% of 745 · Recently observed

HOW TO PLAY IT

Key timing: Geothermal Powerplant by 3:26

  1. Open mex and wind into Bot Lab.
  2. Rush geothermal for the early energy spike.
  3. Add Advanced Metal Extractor, then Advanced Geothermal by 7:07.
  4. Bring up Vehicle Plant alongside T2 con for "Starlight" and vehicles.
  5. Funnel "Starlight" and T1 vehicles to front, pay allies with cons and "Lazarus".

Phase by phase

TYPICAL OF ITS 660 GAMES
  1. 1
  2. 2
  3. 3
  4. 4
PLAY THE OPENING

Follow the example game's first 6:00 step by step: what to build now, what comes next, and where it goes. At 1× it keeps pace with your own game.

  1. 1

    Up to the Bot Lab

    Economy
    • Metal Extractor2Mex
    • Wind Turbine4Wind
    Order
    1. Bot LabBot Lab after 2 mex, 4 winddone ~1:12, middle half 0:58–1:22

    By 0:55 in all: 2 mex · 4 wind

    The example game in this phase · 3 steps
    1. Mex ×2
    2. Wind ×3
    3. Bot LabBot Labdone 0:52 · typical 1:12
  2. 2

    Bot Lab to 5:00

    Economy
    • Metal Extractor2Mex
    • Wind Turbine3Wind
    • Energy Converter8Converter
    • Energy Storage1Energy storage
    Order
    1. Geothermal PowerplantGeo after 4 mex, 5 wind, 1 energy storage
    Builders
    • Construction Turret5 Con turret
    • Lazarus4 Lazarus
    • Construction Bot2 Con bot
    • Construction Bot1 Con bot for allies
    • Lazarus1 Lazarus for allies

    By 5:00 in all: 4 mex · 6 wind · 1 geo · 8 converter · 1 energy storage · 5 con turret

    The example game in this phase · 20 steps
    1. Wind
    2. LazarusLazarus
    3. Wind ×2
    4. Construction BotCon bot
    5. Construction BotCon botfor Beach sea
    6. LazarusLazarus
    7. Mex
    8. LazarusLazarus
    9. LazarusLazarusfor Beach sea
    10. Mex
    11. CenturionCenturionfor Suicide front
    12. Geothermal PowerplantGeodone 3:15 · typical 3:26
    13. CenturionCenturion
    14. Con turret ×4
    15. Converter
    16. Con turret
    17. Converter ×5
    18. Energy storage
    19. Advanced Metal ExtractorT2 mexdone 5:13 · typical 5:34
    20. Wind
  3. 3

    5:00 to Vehicle Plant

    Order
    1. Advanced Geothermal PowerplantAdvanced Geothermal Powerplant after 8 wind, 10 converter, 6 con turretin 61% of games
    2. Vehicle PlantVehicle Plant after 9 wind, 10 converter, 6 con turretdone ~7:07, middle half 6:43–7:41
    Builders
    • Construction Turret1 Con turret

    Some games also: converter (49%) · wind (47%)

    By 7:00 in all: 4 mex · 10 wind · 1 geo · 1 Advanced Geothermal Powerplant · 11 converter · 1 energy storage

    The example game in this phase · 25 steps
    1. Advanced Metal ExtractorT2 mex
    2. Wind
    3. Advanced Metal ExtractorT2 mex
    4. Wind
    5. Con turret
    6. Advanced Metal ExtractorT2 mex
    7. Con turret ×3
    8. Radar TowerRadar Tower
    9. Wind ×5
    10. Advanced Geothermal PowerplantAdvanced Geothermal Powerplantdone 7:31 · typical 7:06
    11. Aircraft PlantAircraft Plantdone 7:40
    12. StormbringerBomber ×2
    13. BeamerBeamer
    14. StormbringerBomber ×3
    15. Radar TowerRadar Tower
    16. StormbringerBomber
    17. SentrySentry
    18. StormbringerBomber ×2
    19. SentrySentry
    20. StormbringerBomber ×2
    21. SentrySentry
    22. StormbringerBomber ×3
    23. SentrySentry
    24. StormbringerBomber
    25. Vehicle PlantVehicle Plantdone 8:42 · typical 7:07
  4. 4

    Vehicle Plant to 10:00

    Economy
    • Wind Turbine5Wind
    • Energy Converter3Converter
    Order
    1. Advanced Vehicle PlantAdvanced Vehicle Plant after 11 wind, 12 converter, 7 con turretin 80% of games
    Builders
    • Construction Turret1 Con turret
    • Construction Vehicle1 Con vehicle
    Army
    • Starlight2 Starlight
    • Umbra1 Jammer
    • Prophet1 Radar vehicle

    Some games also: T2 con vehicle for allies (48%) · Jaguar (31%)

    By 10:00 in all: 4 mex · 19 wind · 1 geo · 1 Advanced Geothermal Powerplant · 16 converter · 1 energy storage

    The example game in this phase · 61 steps
    1. StormbringerBomber
    2. BlitzBlitz
    3. StormbringerBomber
    4. BlitzBlitz
    5. StormbringerBomber ×2
    6. BlitzBlitzfor Suicide front
    7. FalconFighter ×3
    8. Construction VehicleCon vehicle
    9. FalconFighter ×37
    10. BansheeBanshee ×7
    11. BlitzBlitzfor Suicide front
    12. BansheeBanshee
    13. BlitzBlitzfor Suicide front
    14. BansheeBanshee
    15. BlitzBlitzfor Suicide front
    16. BansheeBanshee
    17. BlitzBlitzfor Suicide front
    18. BansheeBanshee
    19. Vehicle PlantVehicle Plantdone 11:27
    20. BlitzBlitzfor Suicide front
    21. BansheeBanshee
    22. BlitzBlitzfor Suicide front
    23. BansheeBanshee
    24. BlitzBlitzfor Suicide front
    25. BansheeBanshee
    26. BlitzBlitz
    27. BlitzBlitzfor Suicide front
    28. BansheeBanshee
    29. BlitzBlitz ×2for Suicide front
    30. BansheeBanshee
    31. BlitzBlitz ×2for Suicide front
    32. BansheeBanshee
    33. BlitzBlitz ×2for Suicide front
    34. BansheeBanshee
    35. BlitzBlitz ×2for Suicide front
    36. BansheeBanshee
    37. BlitzBlitz ×2for Suicide front
    38. FalconFighter
    39. BlitzBlitz ×2for Suicide front
    40. FalconFighter
    41. BlitzBlitz ×2for Suicide front
    42. FalconFighter
    43. BlitzBlitz ×2for Suicide front
    44. FalconFighter
    45. BlitzBlitz ×2for Suicide front
    46. FalconFighter
    47. BlitzBlitz ×2for Suicide front
    48. FalconFighter
    49. BlitzBlitzfor Suicide front
    50. FalconFighter
    51. BlitzBlitz ×2for Suicide front
    52. FalconFighter
    53. BlitzBlitz ×2for Suicide front
    54. FalconFighter
    55. BlitzBlitz ×2
    56. FalconFighter ×14
    57. Construction VehicleCon vehicle
    58. FalconFighter ×3
    59. Construction VehicleCon vehicle
    60. FalconFighter ×4
    61. Advanced Vehicle PlantAdvanced Vehicle Plantnot finished by 15:00 · typical 8:09

Counts are medians over the build's games: half of them build more, half fewer. The example game is Nutzz's (41 OS, 12/09/2026); pick another.

Team trades

IN AT LEAST 30% OF ITS GAMES

You hand over

  • Lazarus1 Lazarus to Beach seafirst at 2:16 · in 78% of games
  • Construction Bot1 Con bot to Beach seafirst at 2:31 · in 88% of games
  • Advanced Construction Vehicle1 T2 con vehicle to Suicide front or Frontfirst at 8:52 · in 61% of games

You get

  • Hercules1 Light transport from Airfirst at 4:19 · in 35% of games
  • Advanced Construction Bot1 T2 con bot from Techfirst at 4:48 · in 95% of games

How it plays out

Typical game of this build, running totals by minute

Metal produced

020k40k
0:005:0010:0015:00

metal

Enemy metal destroyed

05k10k15k
0:005:0010:0015:00

metal

Own metal lost

02.5k5k7.5k
0:005:0010:0015:00

metal

745 games.

Show as table
ByMetal produced: This buildEnemy metal destroyed: This buildOwn metal lost: This build
1:0033300
2:0082500
3:00152300
4:00270000
5:00372600
6:00572900
7:00813000
8:0011459021
9:001448951130
10:0017405565280
11:00203772074790
12:002330539401940
13:002606259613304
14:002898883214785
15:0031497101726196
WHAT THE NUMBERS SAY

Standard Geo build dominates the resource numbers, with zero own losses through 10:00 and a huge metal lead by 15:00.

  • + Metal produced hits 31426 by 15:00, highest of all six builds
  • + Own metal lost is 0 by 5:00 and only 334 by 10:00
  • − First Starlight only arrives in 57% of games by 9:19
  • − Advanced geothermal lands in just 69% of games by 7:16
THE EXAMPLE YOU ARE READING

Nutzz

41.3 OS · 12/09/2026

Open source match ↗

9 received units · includes a constructor
1586 metal received · 41891 energy received

Allied construction assistance is unknown. Timings are observations, not a promise of solo reproducibility.

Typical milestones

Bot Lab1:12Middle 50%: 0:58–1:22 · n=744
Geothermal Powerplant3:26Middle 50%: 3:10–3:42 · n=743
Advanced Metal Extractor5:34Middle 50%: 5:19–5:56 · n=742
Advanced Geothermal Powerplant7:06Middle 50%: 6:49–7:34 · n=552
Vehicle Plant7:07Middle 50%: 6:43–7:41 · n=705
Advanced Vehicle Plant8:09Middle 50%: 7:41–8:54 · n=669
Starlight9:06Middle 50%: 8:32–9:53 · n=583

Played most by

zeus_on_god76games of this build0neTw074games of this buildViltrum53games of this buildDamsko35games of this buildXad35games of this build